 Dungeon Crawl Stone Soup version 0.30-a0-390-g80c34de65d (webtiles) character file.

Game seed: 6586469320626112461

52 Bnni the Shield-Bearer (level 4, -2/37 HPs)
             Began as a Formicid Fighter on Dec 4, 2022.
             Killed by divine providence
             ... invoked by an orc priest
              (10 damage)
             ... on level 3 of the Dungeon.
             The game lasted 00:01:44 (1454 turns).

Bnni the Shield-Bearer (Formicid Fighter)           Turns: 1454, Time: 00:01:44

Health: -2/37      AC:  6    Str: 23    XL:     4   Next: 8%
Magic:  4/4        EV:  9    Int:  7    God:
Gold:   151        SH:  5    Dex: 13    Spells: 3/3 levels left

rFire   . . .      SeeInvis +    a - +0 trident
rCold   . . .      Faith    .    c - +0 buckler
rNeg    . . .      Spirit   .    b - +0 scale mail
rPois   .          Reflect  .    (helmet unavailable)
rElec   .          Harm     .    (no cloak)
rCorr   .          Rampage  .    (no gloves)
Will    .....                    (no boots)
Stlth   ..........               (no amulet)
HPRegen 0.26/turn                (no ring)
MPRegen 0.09/turn                (no ring)

@: mighty
A: permanent stasis, dig shafts and tunnels, antennae 3, four strong arms
a: Dig, Shaft Self


You were on level 3 of the Dungeon.
You visited 1 branch of the dungeon, and saw 3 of its levels.

You collected 151 gold pieces.

Inventory:

Hand Weapons
 a - a +0 trident (weapon)
Missiles
 j - 4 poisoned darts
Armour
 b - a +0 scale mail (worn)
 c - a +0 buckler (worn)
Scrolls
 f - 2 scrolls of teleportation {unknown}
 k - a scroll of enchant armour {unknown}
Potions
 d - 2 potions of might
 e - a potion of haste {unknown}
 g - 2 potions of curing {unknown}
 h - a potion of berserk rage {unknown}
 i - 2 potions of degeneration {unknown}
 l - 2 potions of ambrosia {unknown}


   Skills:
 + Level 3.7 Fighting
 * Level 3.0 Polearms
 - Level 3.2 Armour
 - Level 5.0 Shields


You had 3 spell levels left.
You didn't know any spells.
Your spell library was empty.

Dungeon Overview and Level Annotations

Branches:
Dungeon (3/15)

Altars:


Innate Abilities, Weirdness & Mutations

You cannot be hasted, slowed, berserked, paralysed or teleported.
You can dig through walls and to a lower floor.
You have a pair of large antennae on your head. (SInv)
Your four strong arms can wield two-handed weapons with a shield.


Message History

You closely miss the orc.
The orc priest invokes the aid of Beogh against you.
Beogh smites you! You block the orc's attack. The orc hits you with a +0 club.
You hear a shout!
You hit the orc but do no damage.
An orc priest comes into view. It is wielding a +0 dagger.
The orc hits you but does no damage.
You puncture the orc!
You kill the orc!
Training target 5.0 for Shields reached!
Your Polearms skill increases to level 3!
Your Shields skill increases to level 5!
You puncture the orc priest!
The orc priest is heavily wounded.
The orc priest hits you with a +0 mace.
The orc priest begins to cast a cantrip, but forgets the words!
You barely miss the orc priest.
The orc priest is heavily wounded.
The orc priest calls upon Beogh to heal the orc priest.
The orc priest is healed somewhat.
The orc priest calls down the wrath of Beogh upon you.
Beogh smites you!
* * * LOW HITPOINT WARNING * * *
The orc priest attacks as you move away!
The orc priest barely misses you.
The orc priest attacks as you move away!
The orc priest closely misses you.
You feel very mighty all of a sudden. The orc priest closely misses you.
You closely miss the orc priest.
The orc priest is moderately wounded.
You block the orc priest's attack.
You hit the orc priest.
The orc priest is heavily wounded.
The orc priest barely misses you.
You puncture the orc priest!
You kill the orc priest!
The orc priest invokes the aid of Beogh against you.
Beogh smites you!
You die...

.## #...#
..# #...#
#.# ##...#
#.# #....#
#o# #....#
#)# #....#
#.# #....#
#.####....#
#o)@......#
###########


You could see an orc priest.

Vanquished Creatures
  An orc priest (D:3)
  An adder (D:2)
  3 dart slugs
  2 orcs (D:3)
  4 endoplasms
  3 giant cockroaches
  2 goblins (D:1)
  A hobgoblin (D:1)
  4 jackals (D:1)
  A kobold (D:2)
  2 quokkas
  2 ball pythons (D:1)
  5 bats
  3 rats
34 creatures vanquished.

Vanquished Creatures (others)
  4 toadstools (D:1)
4 creatures vanquished.

Grand Total: 38 creatures vanquished

Notes
Turn   | Place    | Note
-------+----------+-------------------------------------------
     0 | D:1      | Bnni the Formicid Fighter began the quest for the Orb.
     0 | D:1      | Reached XP level 1. HP: 18/18 MP: 1/1
    55 | D:1      | Reached XP level 2. HP: 24/24 MP: 2/2
   246 | D:1      | Reached XP level 3. HP: 20/29 MP: 3/3
  1298 | D:2      | Found a faded altar of an unknown god.
  1416 | D:3      | Reached XP level 4. HP: 37/37 MP: 4/4
  1446 | D:3      | Reached skill level 5 in Shields
  1454 | D:3      | Killed from afar by an orc priest

Illustrated notes

Levels and vault maps discovered:
D:1:      ldierk_walled_garden_2, layout_basic
D:2:      layout_basic, shapermc_ecumenical_altar_hornbeckon
D:3:      layout_basic, tgw_fedhas, lemuel_doored_altar,
          gammafunk_ghost_nasty_kobolds

Skill      XL: |  1  2  3  4 |
---------------+-------------+-----
Polearms       | 3 |  3.0
Shields        | 5 |  5.0
Fighting       | |  3.7
Armour         | |  3.2

Action                   |  1- 3 |  4- 6 || total
-------------------------+-------+-------++-------
Melee: Trident           |    77 |    15 ||    92
  Use: Potion            |       |     1 ||     1
Armor: Scale mail        |    20 |     1 ||    21
Dodge: Dodged            |    23 |     5 ||    28
Block: Buckler           |    16 |     5 ||    21

Table legend: (Time is in decaauts)
 A = Elapsed time spent in this place.
 B = Non-inter-level travel time spent in this place.
 C = Inter-level travel time spent in this place.
 D = Time resting spent in this place.
 E = Time spent auto-exploring this place.
 F = Levels seen in this place.
 G = Mean time per level.
                   A        B        C        D        E       F      G
               +--------+--------+--------+--------+--------+-----+--------+
         Total |   1478 |   1447 |     31 |     21 |   1184 |   3 |  492.7 |
       Dungeon |   1478 |   1447 |     31 |     21 |   1184 |   3 |  492.7 |
               +--------+--------+--------+--------+--------+-----+--------+

Top non-repeatable levels by time:
     D:2: 782 daAuts
     D:1: 649 daAuts
     D:3: 46 daAuts
